 Dungeon Crawl Stone Soup version 0.31.0-11-ge490571c62 (webtiles) character file.

Game seed: 16809702962262842644

10801 puppykicker the Slicer (level 11, -4/51 HPs)
             Began as a Spriggan Summoner on Feb 2, 2024.
             Was the Champion of Jiyva.
             Killed from afar by Frances (18 damage)
             ... with an iron shot
             ... on level 12 of the Dungeon.
             The game lasted 00:39:23 (8694 turns).

puppykicker the Slicer (Spriggan Summoner)          Turns: 8694, Time: 00:39:24

Health: -4/51      AC:  6    Str:  8    XL:     11   Next: 40%
Magic:  30/32      EV: 19    Int: 20    God:    Jiyva [******]
Gold:   76         SH:  0    Dex: 18    Spells: 7/22 levels left

rFire   + . .        b - +8 sling of Qerphel {drain, *Slow rPois rC+++ Dex+2}
rCold   + + +        (no shield)
rNeg    + . .        G - +0 steam dragon scales
rPois   +            (helmet restricted)
rElec   .            C - +0 cloak
rCorr   +            (gloves unavailable)
SInv    +            (boots unavailable)
Will    +....        i - amulet "Kemoc" {rN+ Regen+ MP+9 Int+3}
Stlth   ++++         F - ring of protection from fire
HPRegen 2.68/turn    P - ring of poison resistance
MPRegen 1.03/turn

%: slow self (1%)
@: inugami summoned, very quick
A: very small, no large weapons, unfitting armour, see invisible, speed 3, high
MP 1, sense surroundings 1, acidic bite, eyeballs 3, tendrils, engulf
a: Renounce Religion, Oozemancy, Slimify


You were on level 12 of the Dungeon.
You worshipped Jiyva.
Jiyva was exalted by your worship.
You visited 1 branch of the dungeon, and saw 12 of its levels.

You collected 604 gold pieces.
You spent 528 gold pieces at shops.

Inventory:

Hand Weapons
 a - a +0 rapier of venom
 b - the +8 sling of Qerphel (weapon) {drain, *Slow rPois rC+++ Dex+2}
   (You found it on level 4 of the Dungeon)

   Dex+2:     It affects your dexterity (+2).
   rC+++:     It renders you almost immune to cold.
   rPois:     It protects you from poison *Slow: It may slow you when you take
   damage.
 s - a +6 sling
 u - a +1 dagger of electrocution
 K - a +1 dagger of venom
Missiles
 q - 5 poisoned darts
 v - 5 throwing nets
Armour
 p - the orb of Blue Happiness {mayhem, Necro}
   (You took it off a kobold on level 3 of the Dungeon)

   Necro:     It increases the power of your Necromancy spells.
 y - a +0 buckler
 C - a +0 cloak (worn)
 G - +0 steam dragon scales (worn)
 J - +0 acid dragon scales
Jewellery
 i - the amulet "Kemoc" (around neck) {rN+ Regen+ MP+9 Int+3}
   (You acquired it on level 10 of the Dungeon)

   [amulet of regeneration]

   Int+3:     It affects your intelligence (+3).
   rN+:       It protects you from negative energy.
   MP+9:      It affects your magic capacity (+9).
   Regen+:    It increases your rate of health regeneration.
 z - an amulet of reflection
 F - a ring of protection from fire (left hand)
 P - a ring of poison resistance (right hand)
Wands
 r - a wand of flame (25)
 D - a wand of digging (6)
 E - a wand of light (8)
 I - a wand of paralysis (1)
Scrolls
 e - 2 scrolls of fear
 h - 3 scrolls of poison
 l - 4 scrolls of brand weapon
 o - a scroll of vulnerability {unknown}
 t - a scroll of teleportation
 B - a scroll of blinking {!r}
Potions
 c - 3 potions of lignification {!q}
 d - 6 potions of curing
 f - 3 potions of mutation {unknown}
 g - a potion of haste {unknown}
 j - 2 potions of invisibility {unknown}
 k - 3 potions of might {unknown}
 m - a potion of enlightenment {unknown}
 n - 2 potions of magic
 w - a potion of ambrosia
 x - a potion of berserk rage {unknown}
 A - a potion of degeneration {!q}
 H - 3 potions of heal wounds


   Skills:
 + Level 2.3 Fighting
 + Level 10.4 Short Blades
 + Level 0.2 Ranged Weapons
 + Level 4.4 Dodging
 - Level 7.0 Stealth
 + Level 6.0 Spellcasting
 + Level 9.2 Summonings
 + Level 7.8 Translocations
 + Level 5.1 Air Magic
 + Level 5.3 Evocations


You had 7 spell levels left.
You knew the following spells:

 Your Spells              Type           Power      Damage    Failure   Level
a - Summon Small Mammal   Summ           100%       N/A       1%          1
b - Call Imp              Summ           86%        N/A       1%          2
c - Call Canine Familiar  Summ           43%        N/A       1%          3
d - Summon Lightning Spi  Summ/Air       34%        N/A       5%          4
e - Summon Forest         Summ/Tloc      20%        N/A       9%          5

Your spell library contained the following spells:

 Spells                   Type           Power      Damage    Failure   Level
 Cigotuvi's Dreadful Rot  Necr/Alch/Air  26%        N/A       8%          2
 Ensorcelled Hibernation  Hex/Ice        12%        N/A       16%         2
 Summon Blazeheart Golem  Fire/Summ      24%        N/A       16%         4
 Dimensional Bullseye     Hex/Tloc       10%        N/A       21%         4
 Fugue of the Fallen      Necr           6%         N/A       30%         3
 Sigil of Binding         Hex            6%         N/A       30%         3
 Anguish                  Hex/Necr       3%         N/A       71%         4
 Ignite Poison            Fire/Alch      6%         N/A       71%         4
 Freezing Cloud           Conj/Ice/Air   6%         6-21      80%         5
 Summon Hydra             Summ           21%        N/A       89%         7
 Eringya's Noxious Bog    Alch           3%         4d6       100%        6


Dungeon Overview and Level Annotations

Branches:
Dungeon (12/15)            Temple (0/1) D:4            Lair (0/5) D:8
    Orc (0/2) D:11

Altars:
Fedhas
Xom
Jiyva

Shops:
D:2 =   D:9 ![   D:10 *

Annotations:
D:12 Frances


Innate Abilities, Weirdness & Mutations

You are very small and have problems with some larger weapons.
You are too small for most types of armour.
You have supernaturally acute eyesight. (SInv)
You cover ground extremely quickly. (Speed+++)
You have an increased reservoir of magic. (+10% MP)
You passively map a small area around you.
You have acidic saliva.
Your body is covered in eyes which may confuse attackers. (Acc +7, SInv)
You are covered in slimy tendrils that may disarm your opponents.
Your melee attacks may engulf your foes in ooze.


Message History

Unknown command.
Frances chants phrases taken from a devil's mouth.
You regained 2 hp, and now have 19/51 hp.
Frances completely misses your rockslime.
You regained 2 hp, and now have 21/51 hp.
Unknown command.
Frances mutters a nigh-unspeakable word.
Fire: b) +8 sling of Qerphel {drain, *Slow rPois rC+++ Dex+2}
Press: ? - help, Q - select action, (/) - cycle Shift-Dir - straight line, f/p - Frances
Aim: Frances, wielding a +0 mace and wearing a +0 chain mail (heavily wounded, fast, lightly drained, ally target, 78% to hit)
You shoot a sling bullet. The sling bullet hits Frances.
Frances is heavily wounded.
Your lightning spire shoots out a bolt of lightning at Frances!
The bolt of electricity hits Frances! x2; Frances stumbles backwards!
The red devil hits your inugami with a +0 trident!
Your inugami is skewered by barbed spikes.
You regained 4 hp, and now have 26/51 hp.
MP restored: 32 Frances is splashed with acid!
Frances mutters in a terrible tongue.
Send 'em back where they came from!
Your lightning spire disappears in a puff of smoke!
Your inugami shudders.
Your cerulean imp disappears in a puff of smoke!
Your rockslime dissolves into a puddle of slime!
Your acid blob dissolves into a puddle of slime!
Casting: Call Imp (safe; 1% risk of failure)
Confirm with . or Enter, or press ? or * to list all spells.
An electric hum fills the air.
Frances shouts!
Frances whispers indecipherable words.
The shard of ice hits you!! You partially resist.
* * * LOW HITPOINT WARNING * * *
You shudder from the blast and a jelly pops out!
You take 15 damage, and have 12/51 hp.
MASSIVE DAMAGE!!
You now have 29/32 mp.
Frances chants phrases taken from a devil's mouth.
The iron shot hits you!!
You die...

, ..########
..........# ,
............# ,
.............#
,#.............#
#.............#
,#........J....#
+.........§§@#
#.......§§.§8# ,
#......§§4§..#
#......§§h@..#
##......§§§§..#
,
........#######
........#
........#
........######


You could see Frances (fast, drained, ally target), a red devil (summoned), a
friendly lightning spire (summoned) and a friendly quicksilver ooze (summoned).

Levels and vault maps discovered:
D:1:      orjb1_clovarrival, layout_basic, hellmonk_ecumenical_altar_zigzags,
          lexackson_kobold_supper
D:2:      layout_basic, serial_shops, nicolae_shop_competitors_out_of_business,
          minmay_misc_feat_nine_boxes, minmay_quantized, uniq_natasha
D:3:      kennysheep_goblin_castle, layout_rooms
D:4:      layout_gridville, lemuel_doored_altar, minmay_temple_entry_glass,
          minmay_misc_feat_hallway
D:5:      layout_basic
D:6:      layout_layer_cave
D:7:      layout_rooms
D:8:      layout_loops_ring, minmay_lair_entry_grove, ebering_ghost_inner_flame,
          uniq_grum
D:9:      layout_loops_ring, serial_shops, shop, nicolae_shop_getting_attention,
          minmay_microvault, uniq_maurice
D:10:     layout_rooms, kennysheep_mini_moat, serial_shops, shop, uniq_psyche
D:11:     layout_loops_cross, hiddenorc1_lemuel, minmay_fire_ice_demons,
          uniq_harold
D:12:     layout_irregular_city, gauntlet_entry_generic,
          nicolae_diode_quadrants, uniq_frances

Notes
Turn   | Place    | Note
-------+----------+-------------------------------------------
     0 | D:1      | puppykicker the Spriggan Summoner began the quest for the
                  | Orb.
     0 | D:1      | Reached XP level 1. HP: 9/9 MP: 5/5
   110 | D:1      | Found a faded altar of an unknown god.
   137 | D:1      | Prayed at the altar of an unknown god.
   137 | D:1      | Became a worshipper of Jiyva Jogiwn the Shapeless
   137 | D:1      | Reached * piety under Jiyva
   147 | D:1      | Identified a +0 robe
   277 | D:1      | Identified a +0 club
   353 | D:1      | Reached XP level 2. HP: 13/13 MP: 6/6
   361 | D:1      | Identified a +0 dagger
   407 | D:1      | Learned a level 2 spell: Call Imp
   407 | D:1      | Identified a -3 spear
   553 | D:1      | Reached ** piety under Jiyva
   602 | D:1      | Identified a +0 club
  1010 | D:1      | Identified a +0 scale mail
  1014 | D:1      | Identified a +0 short sword
  1018 | D:1      | Identified a +0 dagger
  1019 | D:1      | Identified a +0 dagger
  1027 | D:1      | Identified a -3 spear
  1153 | D:2      | Noticed a scorpion
  1206 | D:2      | Found Efaqacacw's Jewellery Shop.
  1229 | D:2      | Identified a -3 spear
  1255 | D:2      | Reached XP level 3. HP: 7/16 MP: 8/8
  1322 | D:2      | Identified a -3 spear
  1338 | D:2      | Identified a -3 spear
  1445 | D:2      | Reached *** piety under Jiyva
  1459 | D:2      | Gained mutation: You have an increased reservoir of magic.
                  | (+10% MP) [Jiyva's grace]
  1459 | D:2      | Gained mutation: You have a considerably increased
                  | reservoir of magic. (+20% MP) [Jiyva's grace]
  1459 | D:2      | Gained mutation: You have a greatly increased reservoir of
                  | magic. (+30% MP) [Jiyva's grace]
  1459 | D:2      | Gained mutation: You expend magic power (3 MP) to
                  | strengthen your wands. [Jiyva's grace]
  1463 | D:2      | Identified a +0 short sword
  1473 | D:2      | Reached skill level 4 in Summonings
  1526 | D:2      | Reached skill level 3 in Dodging
  1768 | D:2      | Learned a level 3 spell: Call Canine Familiar
  1798 | D:2      | Identified a +0 dagger
  1799 | D:2      | Identified a -3 spear
  1801 | D:2      | Identified a +0 dagger
  1801 | D:2      | Identified a +0 short sword
  1807 | D:2      | Reached skill level 3 in Spellcasting
  1945 | D:2      | Identified a -3 spear
  2008 | D:2      | Noticed Natasha
  2012 | D:2      | Identified a -3 spear
  2027 | D:2      | Killed Natasha
  2028 | D:2      | Reached skill level 1 in Fighting
  2028 | D:2      | Reached XP level 4. HP: 22/22 MP: 12/12
  2037 | D:2      | Identified a -3 spear
  2042 | D:2      | Killed a scorpion
  2043 | D:2      | Reached skill level 4 in Stealth
  2043 | D:2      | Reached XP level 5. HP: 25/25 MP: 13/13
  2163 | D:2      | Identified a +1 dagger of venom
  2214 | D:2      | Killed Natasha
  2304 | D:2      | Killed Natasha
  2385 | D:3      | Identified a +0 short sword
  2392 | D:3      | Identified a +0 sling
  2397 | D:3      | Identified a +0 whip
  2409 | D:3      | Identified a -3 spear
  2461 | D:3      | Identified a +0 short sword
  2462 | D:3      | Identified a +0 short sword
  2528 | D:3      | Reached skill level 4 in Dodging
  2540 | D:3      | Identified a +0 pair of gloves
  2551 | D:3      | Reached **** piety under Jiyva
  2689 | D:3      | Identified a +0 club
  2870 | D:3      | Identified a +6 sling
  2879 | D:3      | Identified a +0 club
  2879 | D:3      | Identified a +0 club
  2888 | D:3      | Identified a -3 spear
  2925 | D:3      | Identified the orb of Blue Happiness {mayhem, Necro}
  2938 | D:3      | Identified a +0 club
  2938 | D:3      | Identified a +0 dagger
  2938 | D:3      | Identified a +0 club
  2938 | D:3      | Identified a +0 leather armour of willpower
  2938 | D:3      | Noticed Ijyb
  2954 | D:3      | Killed Ijyb
  2987 | D:3      | Identified a +0 sling
  3187 | D:4      | Found a shimmering altar of Xom.
  3201 | D:4      | Reached skill level 2 in Fighting
  3201 | D:4      | Reached skill level 5 in Stealth
  3206 | D:4      | Identified a -3 spear
  3211 | D:4      | Reached XP level 6. HP: 30/30 MP: 12/14
  3217 | D:4      | Learned a level 4 spell: Summon Lightning Spire
  3233 | D:4      | Identified a +0 flail
  3241 | D:4      | Identified a +0 war axe
  3244 | D:4      | Identified a +0 club
  3306 | D:4      | Found a staircase to the Ecumenical Temple.
  3312 | D:4      | Identified a +2 barding
  3369 | D:4      | Identified a +0 hand axe
  3382 | D:4      | Reached skill level 1 in Evocations
  3406 | D:4      | Identified a +0 tower shield
  3416 | D:4      | Reached skill level 1 in Air Magic
  3566 | D:4      | Reached skill level 5 in Summonings
  3571 | D:4      | Reached skill level 2 in Evocations
  3705 | D:4      | Identified a +0 club
  3719 | D:4      | Identified the +8 sling of Qerphel {drain, *Slow rPois
                  | rC+++ Dex+2}
  3792 | D:4      | Reached ***** piety under Jiyva
  3821 | D:4      | Identified a +0 short sword
  3844 | D:5      | Entered Level 5 of the Dungeon
  3869 | D:5      | Identified a +0 chain mail
  3908 | D:5      | Identified a +0 spear
  3920 | D:5      | Reached skill level 1 in Short Blades
  3920 | D:5      | Reached XP level 7. HP: 33/35 MP: 15/15
  3923 | D:5      | Identified a +0 club
  3923 | D:5      | Identified a +0 leather armour
  3923 | D:5      | Identified a +0 whip
  3923 | D:5      | Identified a +0 whip
  3925 | D:5      | Identified a +0 spear
  3933 | D:5      | Identified a +0 flail
  3958 | D:5      | Identified a ring of protection from fire
  3974 | D:5      | Identified a +0 spear
  3975 | D:5      | Identified a +1 whip of venom
  3975 | D:5      | Identified a +0 leather armour
  3975 | D:5      | Identified a +0 spear
  3975 | D:5      | Identified a +0 club
  4005 | D:5      | Reached skill level 3 in Evocations
  4038 | D:5      | Identified a ring of positive energy
  4076 | D:5      | Reached skill level 6 in Stealth
  4076 | D:5      | Reached skill level 2 in Air Magic
  4081 | D:5      | Reached skill level 2 in Short Blades
  4221 | D:5      | Identified a +0 chain mail
  4322 | D:5      | Identified a +0 hand axe
  4328 | D:5      | Identified a +0 hand axe
  4329 | D:5      | Identified a +0 flail
  4329 | D:5      | Identified a +0 leather armour
  4389 | D:6      | Identified a +0 whip
  4389 | D:6      | Identified a +0 leather armour
  4389 | D:6      | Identified a +0 halberd
  4389 | D:6      | Identified a +0 spear
  4390 | D:6      | Identified a +0 whip
  4390 | D:6      | Identified a +0 spear
  4414 | D:6      | Identified a ring of fire
  4421 | D:6      | Reached skill level 4 in Evocations
  4421 | D:6      | Reached XP level 8. HP: 39/39 MP: 17/17
  4444 | D:6      | Reached skill level 3 in Short Blades
  4459 | D:6      | Identified a +0 club
  4459 | D:6      | Identified a +0 mace
  4463 | D:6      | Identified a +0 flail
  4463 | D:6      | Identified a +0 plate armour
  4470 | D:6      | Reached skill level 7 in Stealth
  4472 | D:6      | Lost mutation: You have a greatly increased reservoir of
                  | magic. (+30% MP) [Jiyva's grace]
  4472 | D:6      | Lost mutation: You expend magic power (3 MP) to strengthen
                  | your wands. [Jiyva's grace]
  4472 | D:6      | Gained mutation: Your body has grown eyes which may confuse
                  | attackers. (Acc +3) [Jiyva's grace]
  4472 | D:6      | Gained mutation: Your body has grown many eyes which may
                  | confuse attackers. (Acc +5) [Jiyva's grace]
  4472 | D:6      | Gained mutation: Your body is covered in eyes which may
                  | confuse attackers. (Acc +7, SInv) [Jiyva's grace]
  4472 | D:6      | Gained mutation: You are resistant to electric shocks.
                  | (rElec) [Jiyva's grace]
  4523 | D:6      | Identified a +0 club
  4544 | D:6      | Reached skill level 3 in Air Magic
  4579 | D:6      | Identified a +0 buckler
  4626 | D:6      | Reached skill level 5 in Evocations
  4652 | D:6      | Reached skill level 4 in Short Blades
  4652 | D:6      | Reached skill level 6 in Summonings
  4666 | D:6      | Identified a +0 whip
  4668 | D:6      | Identified a +0 dagger
  4669 | D:6      | Identified a +0 flail
  4699 | D:6      | Identified a +0 whip
  4701 | D:6      | Identified a +0 spear
  4702 | D:6      | Identified a +0 whip
  4704 | D:6      | Identified a +0 halberd
  4932 | D:7      | Identified a +0 shortbow
  4957 | D:7      | Identified a +0 dagger
  4957 | D:7      | Identified a +0 leather armour
  4961 | D:7      | Identified an amulet of reflection
  4970 | D:7      | Identified a +0 long sword
  4970 | D:7      | Identified a +0 chain mail
  4972 | D:7      | Identified a +4 flail of protection
  4972 | D:7      | Identified a +0 ring mail
  4979 | D:7      | Reached skill level 5 in Short Blades
  5005 | D:7      | Identified a +0 falchion
  5005 | D:7      | Identified a +0 leather armour
  5006 | D:7      | Identified a +0 short sword
  5006 | D:7      | Identified a +0 ring mail
  5028 | D:7      | Identified a +0 whip
  5028 | D:7      | Identified a +0 spear
  5029 | D:7      | Identified a +0 whip
  5029 | D:7      | Identified a +0 robe
  5031 | D:7      | Identified a +0 club
  5032 | D:7      | Identified a +0 halberd
  5033 | D:7      | Identified a +0 spear
  5039 | D:7      | Reached skill level 4 in Air Magic
  5144 | D:7      | Reached XP level 9. HP: 42/42 MP: 17/17
  5181 | D:7      | Identified the +0 robe "Buikuas" {Str+3}
  5284 | D:7      | Identified a ring of poison resistance
  5356 | D:8      | Found a runed translucent door.
  5356 | D:8      | Identified a +0 shortbow
  5356 | D:8      | Noticed OlivierBoivin's ghost (novice OnWr)
  5413 | D:8      | Identified a +0 shortbow
  5417 | D:8      | Reached skill level 6 in Short Blades
  5440 | D:8      | Identified a +0 shortbow
  5445 | D:8      | Reached ****** piety under Jiyva
  5632 | D:8      | Reached skill level 7 in Short Blades
  5638 | D:8      | Reached skill level 7 in Summonings
  5639 | D:8      | Reached skill level 8 in Short Blades
  5647 | D:8      | Identified a +1 spear
  5647 | D:8      | Identified a +0 animal skin
  5647 | D:8      | Noticed Grum
  5648 | D:8      | Reached skill level 9 in Short Blades
  5652 | D:8      | Killed Grum
  5653 | D:8      | Reached XP level 10. HP: 46/46 MP: 18/18
  5714 | D:8      | Reached skill level 10 in Short Blades
  5720 | D:8      | Learned a level 5 spell: Summon Forest
  5733 | D:8      | Found a staircase to the Lair.
  5816 | D:8      | Identified a +0 scale mail
  6290 | D:8      | Killed OlivierBoivin's ghost
  6291 | D:8      | Reached skill level 8 in Summonings
  6291 | D:8      | Reached skill level 3 in Translocations
  6371 | D:9      | Lost mutation: You have a considerably increased reservoir
                  | of magic. (+20% MP) [Jiyva's grace]
  6371 | D:9      | Lost mutation: You are resistant to electric shocks.
                  | (rElec) [Jiyva's grace]
  6371 | D:9      | Gained mutation: You have acidic saliva. [Jiyva's grace]
  6371 | D:9      | Gained mutation: You are covered in slimy tendrils that may
                  | disarm your opponents. [Jiyva's grace]
  6371 | D:9      | Gained mutation: Your melee attacks may engulf your foes in
                  | ooze. [Jiyva's grace]
  6371 | D:9      | Gained mutation: You passively map a small area around you.
                  | [Jiyva's grace]
  6407 | D:9      | Identified a +0 helmet
  6427 | D:9      | Identified +0 steam dragon scales
  6450 | D:9      | Identified a +2 scimitar of flaming
  6488 | D:9      | Identified a +0 dagger
  6488 | D:9      | Identified a +0 robe
  6498 | D:9      | Noticed an orange demon
  6508 | D:9      | Noticed a soul eater
  6510 | D:9      | Reached skill level 4 in Translocations
  6510 | D:9      | Reached skill level 5 in Air Magic
  6524 | D:9      | Found Ufes's Armour Shop.
  6556 | D:9      | Identified a +0 quarterstaff
  6581 | D:9      | Reached skill level 5 in Translocations
  6643 | D:9      | Identified a +0 shortbow
  6647 | D:9      | Identified a +0 short sword
  6647 | D:9      | Identified a +0 cloak
  6647 | D:9      | Noticed Maurice
  6660 | D:9      | Killed Maurice
  6661 | D:9      | Reached skill level 4 in Spellcasting
  6688 | D:9      | Found Fueklax's Distillery.
  6696 | D:9      | Bought a potion of curing for 42 gold pieces
  6696 | D:9      | Bought a potion of ambrosia for 112 gold pieces
  6696 | D:9      | Bought a potion of degeneration for 14 gold pieces
  6696 | D:9      | Bought 2 potions of lignification for 84 gold pieces
  6696 | D:9      | Bought a potion of curing for 42 gold pieces
  6696 | D:9      | Bought a potion of curing for 42 gold pieces
  6696 | D:9      | Bought a potion of curing for 42 gold pieces
  6782 | D:9      | Paralysed by a hornet for 2 turns
  6786 | D:9      | Reached skill level 6 in Translocations
  6997 | D:9      | Identified a +0 club
  6997 | D:9      | Identified a +0 ring mail
  7001 | D:9      | Identified a +0 spear
  7001 | D:9      | Identified a +0 robe
  7001 | D:9      | Identified a +0 short sword
  7001 | D:9      | Identified a +0 scale mail
  7001 | D:9      | Identified a +0 club
  7001 | D:9      | Identified a +0 leather armour
  7070 | D:9      | Identified a +0 dagger
  7174 | D:10     | Entered Level 10 of the Dungeon
  7174 | D:10     | Identified a +2 dagger of chaos
  7174 | D:10     | Identified a +2 robe of fire resistance
  7174 | D:10     | Noticed Psyche
  7177 | D:10     | Killed Psyche
  7193 | D:10     | Reached skill level 5 in Spellcasting
  7193 | D:10     | Reached XP level 11. HP: 50/50 MP: 19/21
  7219 | D:10     | Identified a +4 hand axe
  7219 | D:10     | Identified a +0 robe
  7219 | D:10     | Identified a +3 mace
  7219 | D:10     | Identified a +0 robe
  7219 | D:10     | Identified a +0 halberd
  7219 | D:10     | Identified a +0 robe
  7307 | D:10     | Found Abezuaxi's General Store.
  7308 | D:10     | Identified a +0 dagger
  7308 | D:10     | Identified a +0 robe
  7309 | D:10     | Identified a +2 morningstar of protection
  7310 | D:10     | Identified a +0 club
  7325 | D:10     | Bought a potion of heal wounds for 75 gold pieces
  7325 | D:10     | Bought a potion of heal wounds for 75 gold pieces
  7342 | D:10     | Identified 6 scrolls of identify
  7342 | D:10     | Identified a scroll of blinking
  7343 | D:10     | Identified a scroll of acquirement
  7344 | D:10     | Identified a scroll of teleportation
  7345 | D:10     | Identified 2 scrolls of fear
  7346 | D:10     | Identified 3 scrolls of poison
  7347 | D:10     | Identified 5 scrolls of brand weapon
  7348 | D:10     | Acquired the amulet "Kemoc" {rN+ Regen+ MP+9 Int+3}
  7373 | D:10     | Found a blossoming altar of Fedhas.
  7443 | D:10     | Identified a +2 mace
  7443 | D:10     | Identified a +0 robe
  7481 | D:10     | Identified a +0 ring mail
  7596 | D:11     | Identified a +0 hand axe
  7605 | D:11     | Identified a +0 shortbow
  7608 | D:11     | Identified a +0 orcbow
  7614 | D:11     | Identified a +1 orcbow of electrocution
  7616 | D:11     | Reached skill level 9 in Summonings
  7616 | D:11     | Reached skill level 7 in Translocations
  7782 | D:11     | Identified a +0 flail
  7782 | D:11     | Identified a +0 ring mail
  7782 | D:11     | Identified a +0 mace
  7785 | D:11     | Identified a +0 hand axe
  7785 | D:11     | Identified a +0 ring mail
  7786 | D:11     | Identified a +1 dagger of electrocution
  7786 | D:11     | Identified a +0 robe
  7787 | D:11     | Identified a +0 club
  7787 | D:11     | Identified a +0 ring mail
  7788 | D:11     | Identified a +0 broad axe
  7788 | D:11     | Identified a +0 plate armour
  7862 | D:11     | Identified a +0 club
  7863 | D:11     | Identified a +0 short sword
  7863 | D:11     | Identified a +0 arbalest
  7863 | D:11     | Identified a +0 plate armour
  7872 | D:11     | Identified a +0 dagger
  7872 | D:11     | Identified a +0 robe
  7872 | D:11     | Identified a +0 flail
  7872 | D:11     | Identified a +0 leather armour
  8037 | D:11     | Identified a +0 flail
  8037 | D:11     | Identified a +0 shortbow
  8174 | D:11     | Identified +0 acid dragon scales
  8346 | D:11     | Identified a +1 battleaxe of electrocution
  8346 | D:11     | Identified a +0 chain mail
  8346 | D:11     | Noticed Harold
  8353 | D:11     | Identified a +0 dagger
  8353 | D:11     | Identified a +1 leather armour of fire resistance
  8354 | D:11     | Killed Harold
  8354 | D:11     | Identified a +0 club
  8358 | D:11     | Identified a +0 short sword of draining
  8358 | D:11     | Identified a +0 club
  8358 | D:11     | Identified a +0 dagger
  8358 | D:11     | Identified a +0 robe
  8358 | D:11     | Identified a +0 dagger
  8358 | D:11     | Identified a +0 robe
  8359 | D:11     | Identified a +0 club
  8359 | D:11     | Identified a +0 chain mail
  8361 | D:11     | Identified a +2 dagger of venom
  8361 | D:11     | Identified a +0 robe
  8362 | D:11     | Identified a +0 trident
  8362 | D:11     | Identified a +0 plate armour
  8362 | D:11     | Identified a +0 hand axe
  8362 | D:11     | Identified a +0 leather armour
  8362 | D:11     | Identified a +1 heavy flail
  8362 | D:11     | Identified a +0 dagger
  8362 | D:11     | Identified a +0 robe
  8363 | D:11     | Identified a +2 dagger of draining
  8363 | D:11     | Identified a +0 robe
  8365 | D:11     | Identified a +0 dagger
  8365 | D:11     | Identified a +0 club
  8366 | D:11     | Reached skill level 6 in Spellcasting
  8367 | D:11     | Identified a +0 dagger
  8367 | D:11     | Identified a +0 robe
  8371 | D:11     | Identified a +0 club
  8371 | D:11     | Identified a +0 leather armour
  8398 | D:11     | Found a staircase to the Orcish Mines.
  8575 | D:7      | Identified a +0 rapier
  8682 | D:12     | Identified a +0 mace
  8682 | D:12     | Identified a +0 chain mail
  8682 | D:12     | Noticed Frances
  8685 | D:12     | Identified a +0 spear
  8689 | D:12     | Identified a +0 trident
  8693 | D:12     | HP: 12/51 [Frances/shard of ice (18)]
  8694 | D:12     | Killed from afar by Frances

Table legend: (Time is in decaauts)
 A = Elapsed time spent in this place.
 B = Non-inter-level travel time spent in this place.
 C = Inter-level travel time spent in this place.
 D = Time resting spent in this place.
 E = Time spent auto-exploring this place.
 F = Levels seen in this place.
 G = Mean time per level.
                   A        B        C        D        E       F      G
               +--------+--------+--------+--------+--------+-----+--------+
         Total |   6056 |   5737 |    319 |    353 |   3408 |  12 |  504.7 |
       Dungeon |   6056 |   5737 |    319 |    353 |   3408 |  12 |  504.7 |
               +--------+--------+--------+--------+--------+-----+--------+

Top non-repeatable levels by time:
     D:2: 814 daAuts
     D:1: 796 daAuts
     D:8: 703 daAuts
    D:11: 681 daAuts
     D:9: 611 daAuts
     D:3: 504 daAuts
     D:4: 490 daAuts
     D:6: 388 daAuts
     D:5: 386 daAuts
     D:7: 339 daAuts
    D:10: 317 daAuts
    D:12: 23 daAuts

Table legend:
 A = Kills in this place as a percentage of kills in the entire game.
 B = Kills by you in this place as a percentage of kills by you in the entire game.
 C = Kills by friends in this place as a percentage of kills by friends in the entire game.
 D = Other kills in this place as a percentage of other kills in the entire game.
 E = Experience gained in this place as a percentage of experience gained in the entire game.
 F = Experience gained in this place divided by the number of levels of this place that you have seen.
                   A       B       C       D       E      F
               +-------+-------+-------+-------+-------+----------------------
         Total | 100.0 | 100.0 | 100.0 | 100.0 | 100.0 | 1285.9
       Dungeon | 100.0 | 100.0 | 100.0 | 100.0 | 100.0 | 1285.9
               +-------+-------+-------+-------+-------+----------------------

Skill      XL: |  1  2  3  4  5  6  7  8  9 10 11 |
---------------+----------------------------------+-----
Summonings     | 4 5 6 7 8 9 |  9.2
Dodging        | 3 4 |  4.4
Spellcasting   | 3 5 6 |  6.0
Fighting       | 1 2 |  2.3
Stealth        | 4 5 6 7 |  7.0
Evocations     | 2 4 5 |  5.3
Air Magic      | 1 2 4 5 |  5.1
Short Blades   | 1 2 5 9 10 | 10.4
Translocations | 6 7 |  7.8
Ranged Weapons | |  0.2

Action                     |  1- 3 |  4- 6 |  7- 9 | 10-12 || total
---------------------------+-------+-------+-------+-------++-------
  Melee: Unarmed           |    43 |       |       |       ||    43
         Club              |     6 |       |       |       ||     6
         Punch             |     2 |     1 |       |       ||     3
         Dagger            |    72 |   131 |     3 |       ||   206
         Short sword       |    41 |     7 |       |       ||    48
   Fire: Sling             |       |    17 |   195 |   259 ||   471
  Throw: Stone             |     7 |       |       |       ||     7
   Cast: Summon Small Mamm |    21 |       |       |     1 ||    22
         Call Imp          |     8 |     4 |       |     1 ||    13
         Call Canine Famil |     1 |     5 |       |     1 ||     7
         Summon Lightning  |       |       |       |    16 ||    16
  Evoke: Wand              |       |       |       |     2 ||     2
    Use: Scroll            |       |       |       |     8 ||     8
   Stab: Sleeping          |     6 |    12 |     1 |       ||    19
         Distracted        |     1 |       |       |       ||     1
 Armour: Robe              |    58 |    45 |    32 |     9 ||   144
         Steam dragon scal |       |       |       |    60 ||    60
  Dodge: Dodged            |   151 |   116 |    73 |   120 ||   460
  Block: Other             |       |       |    10 |    17 ||    27
         Reflection        |       |       |       |     3 ||     3

Vanquished Creatures
  The ghost of OlivierBoivin the Fighter, a novice OnWr of Qazlal (D:8)
  Harold (D:11)
  Maurice (D:9)
  2 unseen horrors
  A komodo dragon (D:11)
  Psyche (D:10)
  A wyvern (D:9)
  2 basilisks (D:8)
  A wraith (D:10)
  3 vampire mosquitoes (D:11)
  A steam dragon (D:9)
  3 water moccasins
  An acid dragon (D:11)
  A sky beast (D:8)
  2 ice beasts
  2 black bears (D:6)
  3 orc warriors
  A wolf (D:8)
  9 centaurs
  A bullfrog (D:8)
  4 scorpions
  2 wights (D:10)
  7 killer bees (D:9)
  5 howler monkeys
  4 bombardier beetles
  2 hounds
  4 gnoll boudas
  4 orc priests
  3 iguanas
  Ijyb (D:3)
  5 orc wizards
  17 gnolls
  7 adders
  2 shadow imps
  4 white imps
  2 ufetubi (D:6)
  A dart slug (D:1)
  4 ribbon worms
  22 orcs
  2 giant cockroaches
  10 goblins
  6 hobgoblins
  11 jackals
  6 kobolds
  A quokka (D:3)
  9 ball pythons
  5 bats
  4 frilled lizards (D:1)
  6 rats
198 creatures vanquished.

Vanquished Creatures (collateral kills)
  A kobold demonologist (D:9)
  An efreet (D:9)
  A hornet (D:9)
  A wyvern (D:8)
  9 yaks (D:8)
  Grum (D:8)
  2 vampire mosquitoes (D:11)
  2 orc warriors (D:11)
  A wolf (D:8)
  A scorpion (D:2)
  2 wights (D:10)
  A killer bee (D:9)
  An orc priest (D:9)
  5 orc wizards (D:11)
  An iguana (D:8)
  Natasha (D:2)
  2 adders
  4 gnolls (D:7)
  A white imp (D:11)
  A ribbon worm (D:2)
  11 orcs
  2 ball pythons (D:1)
  2 giant cockroaches (D:1)
  2 goblins (D:3)
  2 hobgoblins (D:2)
  2 jackals (D:3)
  2 kobolds
  2 frilled lizards (D:1)
  A rat (D:2)
65 creatures vanquished.

Vanquished Creatures (others)
  A centaur (D:7)
  7 jellies
  A killer bee (D:9)
  3 crimson imps (D:11)
  Natasha (twice) (D:2)
  2 adders (D:2)
  A white imp (D:11)
  An endoplasm (D:4)
  6 orcs
  A ball python (D:2)
  A giant cockroach (D:1)
  3 goblins
  2 hobgoblins
  2 bats (D:3)
  A frilled lizard (D:2)
  3 kobolds
  5 rats
42 creatures vanquished.

Grand Total: 305 creatures vanquished
